 Dungeon Crawl Stone Soup version 0.30-a0-553-g7fabdf1491 (webtiles) character file.

Game seed: 12776833052306235988

55577 greasedhog the Impaler (level 15, -5/120 HPs)
             Began as a Formicid Fighter on Dec 26, 2022.
             Was a High Priest of Okawaru.
             Slain by an ogre
             ... wielding a +0 giant club
              (19 damage)
             ... on level 1 of the Orcish Mines.
             The game lasted 00:27:07 (14895 turns).

greasedhog the Impaler (Formicid Fighter)          Turns: 14895, Time: 00:27:08

Health: -5/120     AC: 25    Str: 33    XL:     15   Next: 18%
Magic:  24/24      EV:  8    Int:  9    God:    Okawaru [*****.]
Gold:   2006       SH: 12    Dex: 15    Spells: 14/14 levels left

rFire   . . .      SeeInvis +    o - +9 bardiche (flame)
rCold   + . .      Faith    .    a - +0 kite shield
rNeg    . . .      Spirit   .    G - +0 crystal plate armour
rPois   +          Reflect  .    (helmet unavailable)
rElec   .          Harm     .    l - +0 cloak
rCorr   +          Rampage  .    B - +0 pair of gloves
Will    +....                    F - +0 pair of boots Stlth
                                 c - amulet "Duoqo" {rPois rC+ Regen+ Dex+2}
HPRegen 1.20/turn                f - ring of resist corrosion
MPRegen 0.19/turn                w - +6 ring of strength

@: studying Short Blades
A: permanent stasis, dig shafts and tunnels, antennae 3, four strong arms
a: Dig, Shaft Self, Renounce Religion, Heroism, Finesse, Duel


You were on level 1 of the Orcish Mines.
You worshipped Okawaru.
Okawaru was extremely pleased with you.
You visited 4 branches of the dungeon, and saw 18 of its levels.
You also visited: Sewer, Ossuary and Bailey.

You collected 2006 gold pieces.

Inventory:

Hand Weapons
 o - a +9 bardiche of flaming (weapon)
Missiles
 H - 8 throwing nets
Armour
 a - a +0 kite shield (worn)
 l - a +0 cloak (worn)
 B - a +0 pair of gloves (worn)
 F - a +0 pair of boots (worn)
 G - a +0 crystal plate armour (worn)
Jewellery
 c - the amulet "Duoqo" (around neck) {rPois rC+ Regen+ Dex+2}
   (You took it off a gnoll on level 6 of the Dungeon)

   [amulet of regeneration]

   Dex:       It affects your dexterity (+2).
   rC:        It protects you from cold.
   rPois:     It protects you from poison.
   Regen:     It increases your rate of health regeneration.
 f - a ring of resist corrosion (left hand)
 w - a +6 ring of strength (right hand)
 A - a ring of flight
 L - a ring of poison resistance
 M - a ring of positive energy
Wands
 i - a wand of digging (9)
 r - a wand of mindburst (12)
 u - a wand of iceblast (28)
 x - a wand of flame (20)
 I - a wand of polymorph (19)
Scrolls
 b - 3 scrolls of vulnerability
 k - a scroll of torment
 n - 4 scrolls of poison
 q - 4 scrolls of enchant armour
 t - 3 scrolls of fear
 y - 3 scrolls of fog
 C - 3 scrolls of immolation
 J - 2 scrolls of brand weapon
 K - a scroll of silence {unknown}
 N - a scroll of noise {unknown}
 Q - a scroll of magic mapping
Potions
 d - 7 potions of might
 e - 2 potions of lignification {unknown}
 g - 4 potions of brilliance
 h - 7 potions of attraction
 j - 2 potions of heal wounds
 m - 2 potions of magic
 p - 3 potions of invisibility
 s - 10 potions of curing
 v - 5 potions of ambrosia
 z - 3 potions of flight
 D - 7 potions of mutation
 E - 4 potions of cancellation


   Skills:
 * Level 11.9 Fighting
 * Level 15.0 Polearms
 * Level 11.5 Armour
 - Level 5.2 Dodging
 - Level 12.4 Shields
 - Level 13.0 Invocations


You had 14 spell levels left.
You didn't know any spells.
Your spell library contained the following spells:

 Spells                   Type           Power      Damage    Failure   Level
 Beastly Appendage        Tmut           0%         N/A       100%        1
 Necrotise                Necr           0%         1d4       100%        1
 Sandblast                Erth           0%         2d4       100%        1
 Ensorcelled Hibernation  Hex/Ice        0%         N/A       100%        2
 Passwall                 Tmut/Erth      0%         N/A       100%        2
 Wereblood                Tmut           0%         N/A       100%        2
 Dazzling Flash           Conj/Hex       0%         N/A       100%        3
 Gell's Gravitas          Tloc           0%         N/A       100%        3
 Inner Flame              Hex/Fire       0%         N/A       100%        3
 Lesser Beckoning         Tloc           0%         N/A       100%        3
 Portal Projectile        Hex/Tloc       0%         N/A       100%        3
 Spider Form              Tmut/Pois      0%         N/A       100%        3
 Stone Arrow              Conj/Erth      0%         3d7       100%        3
 Teleport Other           Tloc           0%         N/A       100%        3
 Vampiric Draining        Necr           0%         2d6       100%        3
 Cause Fear               Hex            0%         N/A       100%        4
 Manifold Assault         Tloc           0%         N/A       100%        4
 Agony                    Necr           0%         N/A       100%        5
 Blade Hands              Tmut           0%         N/A       100%        5
 Silence                  Hex/Air        0%         N/A       100%        5
 Storm Form               Tmut/Air       0%         N/A       100%        7
 Discord                  Hex            0%         N/A       100%        8
 Blink                    Tloc           Unusable   N/A       N/A         2
 Swiftness                Air            Unusable   N/A       N/A         3
 Tukima's Dance           Hex            Unusable   N/A       N/A         3

Dungeon Overview and Level Annotations

Branches:
Dungeon (10/15)            Temple (1/1) D:7            Lair (5/5) D:10
 Shoals (0/4) Lair:2       Spider (0/4) Lair:2        Slime (0/5) Lair:5
    Orc (2/2) D:9           Sewer (visited)         Ossuary (visited)
 Bailey (visited)
    Elf: Orc:2

Altars:
Ashenzari
Cheibriados
Dithmenos
Elyvilon
Fedhas
Gozag
Hepliaklqana
Kikubaaqudgha
Makhleb
Nemelex Xobeh
Okawaru
Qazlal
Ru
Sif Muna
Trog
Uskayaw
Vehumet
Wu Jian
Xom
Yredelemnul
Zin
The Shining One
Lugonu

Shops:
D:1 (   D:8 *

Portals:
Abyss: Lair:5

Annotations:
Orc:2 Sonja


Innate Abilities, Weirdness & Mutations

You cannot be hasted, slowed, berserked, paralysed or teleported.
You can dig through walls and to a lower floor.
You have a pair of large antennae on your head. (SInv)
Your four strong arms can wield two-handed weapons with a shield.


Message History

You slice the two-headed ogre!! You burn the two-headed ogre.
The two-headed ogre is severely wounded.
You block the ogre's attack. The ogre hits you with a +0 giant club!
The two-headed ogre hits you but does no damage.
The two-headed ogre barely misses you. The troll bites you.
The troll claws you but does no damage. You block the troll's attack.
You hit the two-headed ogre. You burn the two-headed ogre.
The two-headed ogre is almost dead.
The two-headed ogre hits you with a +0 giant spiked club!
You block the two-headed ogre's attack. The ogre barely misses you.
The troll bites you! The troll claws you but does no damage.
The troll closely misses you.
You completely miss the two-headed ogre.
The two-headed ogre is almost dead.
The two-headed ogre hits you with a +0 giant club!
The two-headed ogre hits you with a +0 giant club.
The ogre barely misses you. You block the troll's attack.
The troll closely misses you. The troll claws you!
You block the two-headed ogre's attack.
The two-headed ogre hits you with a +0 giant spiked club!
You block the ogre's attack.
You are too injured to fight recklessly!
You hit the two-headed ogre but do no damage.
The two-headed ogre is severely wounded.
You block the two-headed ogre's attack. The two-headed ogre closely misses you.
You block the troll's attack. The troll barely misses you.
The troll claws you but does no damage. You block the ogre's attack.
The two-headed ogre hits you with a +0 giant spiked club!!
* * * LOW HITPOINT WARNING * * *
The two-headed ogre hits you with a +0 giant spiked club.
* * * LOW HITPOINT WARNING * * *
The ogre attacks as you move away! You block the ogre's attack. x2
There is a staircase back to the Dungeon, spattered with blood here.
Things that are here:
a +0 giant club; an ogre corpse; a warg corpse The troll bites you!
* * * LOW HITPOINT WARNING * * *
You block the troll's attack. The troll barely misses you.
The ogre hits you with a +0 giant club!!
You die...

.........8.# ##....##.##
..8...8....# ### ##.#.......#
...........###.###...##....##
.........8.#....#...##.#.###
..8...8....#...###.......##
...........#....##........#
.........8.#..)O)........##
..8...8....#..[OT.......##
...........)..)O@...^..##
.........8....[O[.....##
..8...8........).....##
....8.................#
..........##.#.......##
.....##########.......##
....## ###......# .####
#####.## ## ###


You could see 2 two-headed ogres, a troll and 2 ogres.

Vanquished Creatures
  Gastronok (Lair:2)
  Nessos (Lair:4)
  An entropy weaver (shapeshifter) (Lair:5)
  Harold (Lair:2)
  3 hydras (Lair:5)
  2 two-headed ogres (Orc:1)
  A boulder beetle (Lair:5)
  2 orc high priests (Orc:1)
  3 thrashing horrors (Lair:5)
  Nergalle (Lair:1)
  A deep troll (Orc:1)
  The ghost of p00ps00p the Trooper, a novice HOFi (D:6)
  A deep elf zephyrmancer (Bailey)
  2 orc knights
  An oklob plant (Lair:5)
  2 smoke demons (Lair:5)
  5 black mambas
  20 cane toads
  Maggie (D:6)
  A rime drake (Lair:2)
  8 komodo dragons
  2 kobold demonologists (D:9)
  An ancient zyme (Lair:5)
  4 merfolk (Lair:2)
  3 trolls
  A hornet (D:10)
  26 blink frogs
  Grinder (D:5)
  4 polar bears
  9 small abominations (Lair:5)
  11 dream sheep
  A jumping spider (Lair:2)
  Sigmund (D:4)
  A spriggan (Lair:5)
  A ynoxinul (Lair:5)
  4 large abominations (Lair:5)
  9 basilisks
  Eustachio (D:5)
  2 wraiths
  6 wyverns
  A redback (Lair:2)
  48 yaks
  2 steam dragons
  3 chaos spawn (Lair:5)
  A warg (Orc:1)
  21 water moccasins
  2 hell hounds (Lair:1)
  An ice beast (D:5)
  A sky beast (D:6)
  4 black bears
  14 orc warriors
  6 ogres
  9 wolves
  3 centaurs
  3 kobold brigands
  11 bullfrogs
  2 necrophages
  5 gnoll sergeants
  3 scorpions
  20 wights
  3 howler monkeys (D:7)
  A human zombie (Ossuary)
  2 quasits (Sewer)
  2 jellies
  A hound (D:5)
  9 orc priests
  2 gnoll boudas
  5 iguanas
  8 orc wizards
  4 mummies
  Robin (D:4)
  19 gnolls
  9 adders
  6 shadow imps
  A white imp (D:5)
  2 ufetubi
  A dart slug (D:1)
  50 orcs
  5 ball pythons
  2 bats (D:1)
  12 endoplasms
  6 giant cockroaches
  14 goblins
  12 hobgoblins
  6 jackals
  6 quokkas
  4 frilled lizards
  3 goblin zombies (Ossuary)
  3 hobgoblin zombies (Ossuary)
  26 kobolds
  3 kobold zombies
  An orc zombie (Ossuary)
  7 rats
  A spectral kobold (D:1)
544 creatures vanquished.

Vanquished Creatures (others)
  An endoplasm (Sewer)
  17 fungi
  29 plants
47 creatures vanquished.

Grand Total: 591 creatures vanquished

Notes
Turn   | Place    | Note
-------+----------+-------------------------------------------
     0 | D:1      | greasedhog the Formicid Fighter began the quest for the
                  | Orb.
     0 | D:1      | Reached XP level 1. HP: 18/18 MP: 1/1
    54 | D:1      | Reached XP level 2. HP: 24/24 MP: 2/2
   133 | D:1      | Found a faded altar of an unknown god.
   168 | D:1      | Found Direr's Weapon Boutique.
   173 | D:1      | Reached XP level 3. HP: 30/30 MP: 3/3
  1016 | D:2      | Reached XP level 4. HP: 37/37 MP: 4/4
  1421 | D:3      | Reached skill level 5 in Shields
  1451 | D:3      | Found an ornate altar of the Wu Jian Council.
  1519 | D:3      | Reached skill level 3 in Polearms
  1673 | D:3      | Found a blossoming altar of Fedhas.
  1712 | D:3      | Reached XP level 5. HP: 42/43 MP: 5/5
  2254 | D:4      | Noticed Robin
  2301 | D:4      | Killed Robin
  2418 | D:4      | Identified the +8 spear "Death Rattle" {spect, rCorr Str+2}
  2475 | D:4      | Noticed Sigmund
  2478 | D:4      | Killed Sigmund
  2479 | D:4      | Reached skill level 5 in Fighting
  2479 | D:4      | Reached skill level 4 in Polearms
  2479 | D:4      | Reached XP level 6. HP: 51/51 MP: 6/6
  2501 | D:4      | Found a glowing silver altar of Zin.
  2777 | D:4      | Reached XP level 7. HP: 57/57 MP: 7/7
  2951 | D:5      | Entered Level 5 of the Dungeon
  2951 | D:5      | Noticed Grinder
  2953 | D:5      | Reached skill level 5 in Polearms
  2962 | D:5      | Killed Grinder
  3008 | D:5      | Reached skill level 6 in Polearms
  3008 | D:5      | Reached skill level 5 in Armour
  3008 | D:5      | Reached XP level 8. HP: 64/64 MP: 8/8
  3078 | D:5      | Reached skill level 1 in Dodging
  3274 | D:5      | Found a shadowy altar of Dithmenos.
  3299 | D:5      | Found a glowing drain.
  3310 | Sewer    | Entered a sewer
  3383 | Sewer    | Found a burning altar of Makhleb.
  3681 | D:5      | Reached skill level 7 in Polearms
  3926 | D:5      | Noticed Eustachio
  3934 | D:5      | Killed Eustachio
  3935 | D:5      | Reached XP level 9. HP: 69/69 MP: 9/9
  3983 | D:6      | Found the +4 dagger "Morg" {pain, Will+ Int+5}
  4053 | D:6      | Reached skill level 8 in Polearms
  4133 | D:6      | Found a transporter.
  4138 | D:6      | Found a transporter.
  4218 | D:6      | Noticed Maggie
  4225 | D:6      | Killed Maggie
  4226 | D:6      | Reached skill level 5 in Dodging
  4694 | D:6      | Noticed p00ps00p's ghost (novice HOFi)
  4720 | D:6      | HP: 3/71 [p00ps00p's ghost (6)]
  4725 | D:6      | Killed p00ps00p's ghost
  4726 | D:6      | Reached skill level 9 in Polearms
  4726 | D:6      | Reached XP level 10. HP: 30/79 MP: 10/10
  4856 | D:6      | Identified the amulet "Duoqo" {rPois rC+ Regen+ Dex+2}
  5085 | D:7      | Identified 2 scrolls of acquirement
  5087 | D:7      | Found a staircase to the Ecumenical Temple.
  5097 | D:7      | Acquired 477 gold pieces
  5099 | D:7      | Acquired a +4 bardiche of flaming
  5113 | D:7      | Identified the +4 short sword "Fuile Uxkei" {flame, MP+9}
  5118 | Temple   | Entered the Ecumenical Temple
  5416 | D:7      | Found a sparkling altar of Nemelex Xobeh.
  5469 | D:7      | Found an iron altar of Okawaru.
  5533 | D:7      | Became a worshipper of Warmaster Okawaru
  5601 | D:7      | Reached skill level 1 in Invocations
  5696 | D:8      | Reached skill level 10 in Polearms
  5732 | D:8      | Found a hazy altar of Hepliaklqana.
  5751 | D:8      | Reached * piety under Okawaru
  5770 | D:8      | Found a hide-covered altar of Uskayaw.
  5773 | D:8      | Found a sand-covered staircase.
  5781 | Ossuary  | Entered an ossuary
  6224 | D:8      | Reached ** piety under Okawaru
  6236 | D:8      | Reached XP level 11. HP: 66/87 MP: 12/14
  6435 | D:8      | Found Xiogeusa's Overcharged Wands.
  7052 | D:9      | Reached *** piety under Okawaru
  7053 | D:9      | Reached skill level 5 in Invocations
  7166 | D:9      | Found a white marble altar of Elyvilon.
  7452 | D:9      | Reached **** piety under Okawaru
  7453 | D:9      | Reached skill level 11 in Polearms
  7509 | D:9      | Found a staircase to the Orcish Mines.
  7580 | D:9      | Found a shimmering altar of Xom.
  7639 | D:9      | Reached skill level 10 in Fighting
  7770 | D:10     | Entered Level 10 of the Dungeon
  7770 | D:10     | Found a flagged portal.
  7867 | D:10     | Identified the +7 spear of Balance {flame, rN+}
  7872 | Bailey   | Entered a bailey
  7939 | Bailey   | Found a large runed translucent door.
  7939 | Bailey   | Found a large runed translucent door.
  7942 | Bailey   | Reached ***** piety under Okawaru
  7943 | Bailey   | Reached XP level 12. HP: 78/97 MP: 17/17
  7963 | Bailey   | Reached skill level 10 in Shields
  8208 | D:10     | Found a shimmering blue altar of Sif Muna.
  8434 | D:10     | Found a staircase to the Lair.
  8660 | D:10     | Noticed a centaur warrior
  9047 | Lair:1   | Entered Level 1 of the Lair of Beasts
  9056 | Lair:1   | Noticed Nergalle
  9147 | Lair:1   | Killed Nergalle
  9148 | Lair:1   | Reached skill level 12 in Polearms
  9454 | Lair:1   | Found a dark tunnel.
  9593 | Lair:1   | Received a gift from Okawaru
  9857 | Lair:2   | Noticed Harold
  9879 | Lair:2   | Reached XP level 13. HP: 35/103 MP: 19/19
  9890 | Lair:2   | Killed Harold
 10072 | Lair:2   | Found a hole to the Spider Nest.
 10081 | Lair:2   | Identified the +1 crystal plate armour of Jusina {+Inv
                  | rPois rF- rCorr} (Okawaru gifted it to you on level 2 of
                  | the Lair of Beasts)
 10081 | Lair:2   | Received a gift from Okawaru
 10115 | Lair:2   | Noticed Gastronok
 10125 | Lair:2   | Killed Gastronok
 10308 | Lair:2   | Reached skill level 10 in Invocations
 10473 | Lair:2   | Found a staircase to the Shoals.
 11156 | Lair:3   | Reached skill level 13 in Polearms
 11293 | Lair:3   | Identified the +0 leather armour "Ogaler" {rF+ Will+
                  | Stlth+}
 11892 | Lair:4   | Noticed Nessos
 11900 | Lair:4   | Killed Nessos
 12266 | Lair:4   | Reached XP level 14. HP: 110/110 MP: 22/22
 12540 | Lair:5   | Entered Level 5 of the Lair of Beasts
 12652 | Lair:5   | Reached ****** piety under Okawaru
 12653 | Lair:5   | Reached skill level 10 in Armour
 12870 | Lair:5   | Reached skill level 14 in Polearms
 13145 | Lair:5   | Received a gift from Okawaru
 13300 | Lair:5   | HP: 2/113 [large abomination (15)]
 13432 | Lair:5   | Found a corrupted altar of Lugonu.
 13432 | Lair:5   | Found a one-way gate to the infinite horrors of the Abyss.
 13683 | Lair:5   | Found a staircase to the Slime Pits.
 13855 | Lair:5   | Reached XP level 15. HP: 119/119 MP: 24/24
 14319 | Orc:1    | Entered Level 1 of the Orcish Mines
 14453 | Orc:1    | Upgraded the game from 0.30-a0-540-g0af01429fa to
                  | 0.30-a0-553-g7fabdf1491
 14764 | Orc:2    | Entered Level 2 of the Orcish Mines
 14796 | Arena    | Entered the Arena
 14814 | Orc:1    | Identified the +1 shadow dragon scales "Seophuacs" {Will+
                  | Stlth++++} (Okawaru gifted it to you on level 1 of the
                  | Orcish Mines)
 14814 | Orc:1    | Received a gift from Okawaru
 14885 | Orc:1    | Reached skill level 15 in Polearms
 14888 | Orc:2    | Noticed Sonja
 14895 | Orc:1    | Slain by an ogre

Illustrated notes

Levels and vault maps discovered:
D:1:      mushboom_english_gardens, layout_basic, serial_shops, shop,
          dreamdust_ecumenical_altar_drowned_temple
D:2:      layout_loops_corners
D:3:      layout_basic, mainiacjoe_overflow_six_doors_small,
          general_overflow_altar
D:4:      layout_basic, lemuel_coloured_pillars_altar,
          minmay_misc_feat_four_crosses, minmay_joined_circles, uniq_robin,
          uniq_sigmund
D:5:      layout_basic, mainiacjoe_overflow_small_starburst,
          portal_sewer_entry_d, uniq_eustachio, uniq_grinder
D:6:      layout_loops_cross, gammafunk_ghost_gnarly_gnolls, uniq_maggie
D:7:      layout_rooms, kennysheep_mini_moat, lemuel_tele_altar,
          minmay_temple_entry_statues_fountains
D:8:      layout_basic, kennysheep_mini, mainiacjoe_overflow_tiny_flanked,
          gup_ossuary_entry_pyramid, grunt_ministairs_7, serial_bayou_pond_c,
          nicolae_shop_overcharged_wands
D:9:      layout_basic, kennysheep_little_box, elyvilon_altar_4, david_orc_4
D:10:     layout_cave_pods, nicolae_sif_muna_condensation,
          minmay_lair_entry_grove, enter_bailey_2, lightli_corner_chamber
Temple:   chequers_temple_sunken
Lair:1:   layout_cave_shapes, enter_volcano_3, infiniplex_staircase_pool,
          grunt_megastairs_1, uniq_nergalle
Lair:2:   layout_cave_pods, elwin_shoals_entry_stream, spider_nest_entry_a,
          st_stairs_5, uniq_gastronok, uniq_harold
Lair:3:   layout_layer_cave, serial_bayou_shore_a
Lair:4:   layout_misc_corridors, uniq_nessos
Lair:5:   hellmonk_lair_end_abyssal_woods, layout_hall_layers, slime_entry_1,
          minmay_lair_oklob_bushes
Orc:1:    layout_caves, bh_open_orc_temple
Orc:2:    st_orc_open, layout_caves, special_room, uniq_sonja

Skill      XL: |  1  2  3  4  5  6  7  8  9 10 11 12 13 14 15 |
---------------+----------------------------------------------+-----
Fighting       | 4 5 6 7 8 10 11 | 11.9
Shields        | 5 7 9 11 12 | 12.4
Polearms       | 3 4 6 7 9 10 11 12 13 14 15 | 15.0
Armour         | 5 7 9 11 | 11.5
Dodging        | 3 5 |  5.2
Invocations    | 4 6 9 11 13 | 13.0

Action                   |  1- 3 |  4- 6 |  7- 9 | 10-12 | 13-15 || total
-------------------------+-------+-------+-------+-------+-------++-------
Melee: Trident           |   124 |    88 |       |       |       ||   212
       Spear             |       |    20 |   130 |    26 |       ||   176
       Bardiche          |       |       |       |   436 |   533 ||   969
Throw: Throwing net      |       |       |       |     1 |       ||     1
Invok: Heroism           |       |       |       |     3 |     5 ||     8
       Finesse           |       |       |       |     1 |     6 ||     7
       Duel              |       |       |       |       |     1 ||     1
 Abil: Dig               |       |       |     1 |     2 |     1 ||     4
Evoke: Wand              |       |     2 |       |     2 |       ||     4
  Use: Scroll            |     5 |     1 |     2 |    13 |    11 ||    32
       Potion            |       |       |     3 |     5 |     3 ||    11
 Stab: Distracted        |       |       |     1 |       |       ||     1
       Held in net/web   |       |       |       |     1 |       ||     1
Armor: Scale mail        |    55 |    40 |       |       |       ||    95
       Chain mail        |       |     1 |    17 |       |       ||    18
       Crystal plate arm |       |       |     9 |   243 |   281 ||   533
Dodge: Dodged            |    51 |    24 |    13 |   106 |   162 ||   356
Block: Buckler           |    30 |    17 |     9 |       |       ||    56
       Kite shield       |       |       |       |   259 |   376 ||   635

Table legend: (Time is in decaauts)
 A = Elapsed time spent in this place.
 B = Non-inter-level travel time spent in this place.
 C = Inter-level travel time spent in this place.
 D = Time resting spent in this place.
 E = Time spent auto-exploring this place.
 F = Levels seen in this place.
 G = Mean time per level.
                   A        B        C        D        E       F      G
               +--------+--------+--------+--------+--------+-----+--------+
         Total |  15213 |  14574 |    639 |    803 |  10386 |  22 |  691.5 |
       Dungeon |   8240 |   7825 |    415 |    273 |   5888 |  10 |  824.0 |
        Temple |    235 |    209 |     26 |      0 |    203 |   1 |  235.0 |
          Lair |   5228 |   5040 |    188 |    321 |   3499 |   5 | 1045.6 |
  Orcish Mines |    472 |    463 |      9 |    152 |    187 |   2 |  236.0 |
         Sewer |    285 |    285 |      0 |      0 |    168 |   1 |  285.0 |
       Ossuary |    396 |    396 |      0 |      0 |    285 |   1 |  396.0 |
        Bailey |    344 |    344 |      0 |     57 |    155 |   1 |  344.0 |
         Arena |      9 |      9 |      0 |      0 |      0 |   1 |    9.0 |
               +--------+--------+--------+--------+--------+-----+--------+

Top non-repeatable levels by time:
  Lair:5: 1626 daAuts
  Lair:2: 1181 daAuts
     D:6: 1089 daAuts
  Lair:3: 1026 daAuts
     D:8: 1004 daAuts
    D:10: 997 daAuts
     D:9: 985 daAuts
     D:2: 841 daAuts
  Lair:4: 808 daAuts
     D:4: 788 daAuts
     D:3: 770 daAuts
     D:5: 723 daAuts
     D:1: 595 daAuts
  Lair:1: 584 daAuts
   Orc:1: 456 daAuts
